 Dungeon Crawl Stone Soup version 0.29-a0-284-gf9362112df (webtiles) character file.

Game seed: 276055197715970781

112 jisko22 the Stinger (level 4, -1/33 HPs)
             Began as a Merfolk Venom Mage on Mar 30, 2022.
             Was an Initiate of Vehumet.
             Slain by an iguana (13 damage)
             ... on level 4 of the Dungeon.
             The game lasted 00:14:09 (5736 turns).

jisko22 the Stinger (Merfolk Venom Mage)            Turns: 5736, Time: 00:14:10

Health: -1/33      AC:  3    Str:  8    XL:     4   Next: 95%
Magic:  0/7        EV: 13    Int: 14    God:    Vehumet [......]
Gold:   152        SH:  0    Dex: 16    Spells: 1/7 levels left

rFire   . . .      SeeInvis .   w - +0 spear
rCold   . . .      Faith    .   (no shield)
rNeg    + . .      Spirit   .   a - +0 robe
rPois   .          Reflect  .   (no helmet)
rElec   .          Harm     .   h - +0 cloak
rCorr   .          Rampage  .   (no gloves)
Will    .....                   (no boots)
Stlth   ++........              (no amulet)
HPRegen 0.11/turn               f - ring of wizardry
MPRegen 0.10/turn               i - ring of positive energy

@: no status effects
A: (nimble swimmer 2), mertail
a: Renounce Religion


You were on level 4 of the Dungeon.
You worshipped Vehumet.
Vehumet was noncommittal.
You visited 1 branch of the dungeon, and saw 4 of its levels.

You collected 152 gold pieces.

Inventory:

Hand Weapons
 c - a +0 club
 d - a +0 falchion
 w - a +0 spear (weapon)
Missiles
 j - 2 boomerangs (quivered)
 v - 5 javelins
Armour
 a - a +0 robe (worn)
 h - a +0 cloak (worn)
 n - an orb of guile
 o - a +0 leather armour
 A - a +0 ring mail
Jewellery
 f - a ring of wizardry (left hand)
 i - a ring of positive energy (right hand)
Wands
 t - a wand of digging (3)
Scrolls
 e - a scroll of magic mapping {unknown}
 g - a scroll of noise {unknown}
 k - 5 scrolls of identify {unknown}
 x - 2 scrolls of amnesia {unknown}
 y - a scroll of teleportation {unknown}
 z - a scroll of immolation {unknown}
 B - a scroll of fear {unknown}
 C - a scroll of vulnerability {unknown}
Potions
 b - a potion of magic
 l - 4 potions of curing {unknown}
 m - 2 potions of mutation {unknown}
 p - a potion of heal wounds {unknown}
 q - 2 potions of degeneration {unknown}
 r - a potion of brilliance {unknown}
 s - a potion of cancellation {unknown}
 u - a potion of berserk rage {unknown}


   Skills:
 - Level 2.0 Fighting
 - Level 3.0 Polearms
 - Level 2.6 Dodging
 - Level 2.1 Stealth
 - Level 2.0 Spellcasting
 + Level 0.1 Conjurations
 - Level 2.5 Transmutations
 + Level 0.1 Air Magic
 * Level 4.3 Poison Magic


You had one spell level left.
You knew the following spells:

 Your Spells              Type           Power      Damage    Failure   Level
a - Sting                 Tmut/Pois      44%        1d5       2%          1
b - Poisonous Vapours     Pois/Air       14%        N/A       6%          2
c - Mephitic Cloud        Conj/Pois/Air  5%         N/A       16%         3

Your spell library contained the following spells:

 Spells                   Type           Power      Damage    Failure   Level
 Spider Form              Tmut/Pois      11%        N/A       7%          3
 Ensorcelled Hibernation  Hex/Ice        2%         N/A       14%         2
 Olgreb's Toxic Radiance  Pois           13%        N/A       16%         4
 Call Canine Familiar     Summ           1%         N/A       26%         3
 Gell's Gravitas          Tloc           1%         N/A       26%         3
 Portal Projectile        Hex/Tloc       2%         N/A       26%         3
 Teleport Other           Tloc           1%         N/A       26%         3
 Anguish                  Hex/Necr       0%         N/A       65%         4
 Leda's Liquefaction      Hex/Erth       0%         N/A       65%         4
 Dispersal                Tloc           0%         N/A       100%        6
 Borgnjor's Revivificati  Necr           0%         N/A       100%        8
 Necromutation            Tmut/Necr      2%         N/A       100%        8
 Death's Door             Necr           0%         N/A       100%        9


Dungeon Overview and Level Annotations

Branches:
Dungeon (4/15)
 Temple: D:4-7

Altars:
Cheibriados
Dithmenos
Ru
Sif Muna
Trog
Vehumet

Annotations:
D:2 Sigmund
D:4 exclusion: downstairs


Innate Abilities, Weirdness & Mutations

((You are very nimble when in or above water. (Stealth+, EV+, Speed+++)))
Your lower body shifts to a powerful aquatic tail in water.


Message History

The iguana attacks as you move away! The iguana barely misses you.
The quokka twitches its whiskers.
Casting: Poisonous Vapours (safe; 6% risk of failure)
Confirm with . or Enter, or press ? or * to list all spells.
Aiming: Sting (safe; 2% risk of failure)
Press: ? - help, Shift-Dir - straight line, f/p - iguana
Aim: an iguana (severely wounded, poisoned, 75% to hit)
The sting misses the iguana.
The sting hits the quokka but does no damage.
The quokka is poisoned.
The iguana misses you.
Unknown command.
You closely miss the iguana.
The iguana is severely wounded.
A goblin comes into view. It is wielding a +0 club.
The iguana misses you.
You closely miss the iguana.
The iguana is severely wounded.
The goblin shouts!
You hear an angry hiss.
The iguana closely misses you.
You closely miss the iguana.
The iguana is almost dead.
You kill the quokka!
Vehumet accepts your kill. The iguana bites you.
You barely miss the iguana.
The iguana is almost dead.
The iguana looks more healthy.
The iguana bites you but does no damage.
Casting: Sting (safe; 2% risk of failure)
Confirm with . or Enter, or press ? or * to list all spells.
Aiming: Poisonous Vapours (safe; 6% risk of failure)
Press: ? - help, Dir - move target, f/p - iguana
Aim: an iguana (almost dead) Poisonous vapours surround the iguana!
The iguana is poisoned.
The iguana bites you!
You barely miss the iguana.
The iguana is almost dead.
A ball python comes into view.
The iguana bites you!
You die...

#.####.#≈≈≈≈≈≈≈≈≈#
#......#⌠≈≈###≈≈⌠#
######.#####.#####
####)...........
#......####..###
#......####..###
###.#####.........#..#..
........#...[..##.#..#.#
#@#......##.#..#.# #
#l######...>...#.# #..
#.# ####......#
#.#..#g##### ####.###
#..........#### #.#
.......##......# #.#
####.#. #....#.# ###.###
...S....#..#.###......
#####.##.#.........'###


You could see an iguana (poisoned), a goblin and a ball python.

Vanquished Creatures
  An orc wizard (D:4)
  An adder (D:3)
  4 worms
  3 ball pythons
  9 endoplasms
  9 giant cockroaches
  9 goblins
  2 hobgoblins
  3 quokkas
  4 bats
  3 frilled lizards
  5 kobolds
  6 rats
59 creatures vanquished.

Notes
Turn   | Place    | Note
-------+----------+-------------------------------------------
     0 | D:1      | jisko22 the Merfolk Venom Mage began the quest for the Orb.
     0 | D:1      | Reached XP level 1. HP: 13/13 MP: 3/3
   302 | D:1      | Reached XP level 2. HP: 19/19 MP: 3/5
   390 | D:1      | Learned a level 2 spell: Poisonous Vapours
  1207 | D:1      | Reached skill level 4 in Poison Magic
  1254 | D:1      | Reached skill level 1 in Fighting
  1254 | D:1      | Reached XP level 3. HP: 26/26 MP: 1/6
  1638 | D:1      | You fall into a shaft and drop 1 floor!
  1782 | D:2      | Noticed Sigmund
  3103 | D:3      | Learned a level 3 spell: Mephitic Cloud
  3802 | D:3      | Reached skill level 1 in Polearms
  4093 | D:3      | Found a bloodstained altar of Trog.
  4096 | D:3      | Reached XP level 4. HP: 32/32 MP: 5/7
  5066 | D:4      | Found a shimmering blue altar of Sif Muna.
  5070 | D:4      | Found a radiant altar of Vehumet.
  5079 | D:4      | Became a worshipper of Vehumet
  5140 | D:4      | Found a shadowy altar of Dithmenos.
  5267 | D:4      | Found a sacrificial altar of Ru.
  5574 | D:4      | Found a snail-covered altar of Cheibriados.
  5736 | D:4      | Slain by an iguana

Illustrated notes

Levels and vault maps discovered:
D:1:      lightli_arrival_windingriver, layout_loops_ring
D:2:      layout_loops_ring, basic_ecumenical_altar, roderic_malta_cross,
          uniq_sigmund
D:3:      layout_basic, lemuel_crystal_altar, minmay_misc_feat_rugged,
          kennysheep_decorative_pillar, roderic_roman_lattice
D:4:      layout_loops_cross, grunt_dithmenos_smoke, mainiacjoe_overflow_paths,
          mainiacjoe_overflow_small_starburst, cheibrodos_worm_habitat,
          nicolae_ru_great_annihilating_truth, minmay_starry_boxes

Skill      XL: |  1  2  3  4 |
---------------+-------------+-----
Transmutations | 2 |  2.5
Poison Magic   | 4 |  4.3
Fighting       | 1 2 |  2.0
Polearms       | 1 3 |  3.0
Dodging        | |  2.6
Stealth        | |  2.1
Spellcasting   | |  2.0
Conjurations   | |  0.1
Air Magic      | |  0.1

Action                   |  1- 3 |  4- 6 || total
-------------------------+-------+-------++-------
Melee: Falchion          |    43 |       ||    43
       Club              |     3 |       ||     3
       Unarmed           |     1 |       ||     1
       Spear             |     9 |    43 ||    52
       Punch             |       |     1 ||     1
Throw: Boomerang         |    15 |     5 ||    20
 Cast: Sting             |    52 |    13 ||    65
       Poisonous Vapours |    11 |     5 ||    16
 Stab: Sleeping          |     2 |     1 ||     3
       Paralysed         |       |     3 ||     3
Armor: Robe              |    14 |     9 ||    23
Dodge: Dodged            |    51 |    24 ||    75

Table legend: (Time is in decaauts)
 A = Elapsed time spent in this place.
 B = Non-inter-level travel time spent in this place.
 C = Inter-level travel time spent in this place.
 D = Time resting spent in this place.
 E = Time spent auto-exploring this place.
 F = Levels seen in this place.
 G = Mean time per level.
                   A        B        C        D        E       F      G
               +--------+--------+--------+--------+--------+-----+--------+
         Total |   5742 |   5605 |    137 |   2626 |   2075 |   4 | 1435.5 |
       Dungeon |   5742 |   5605 |    137 |   2626 |   2075 |   4 | 1435.5 |
               +--------+--------+--------+--------+--------+-----+--------+

Top non-repeatable levels by time:
     D:3: 2428 daAuts
     D:1: 1880 daAuts
     D:2: 947 daAuts
     D:4: 486 daAuts
